 Dungeon Crawl Stone Soup version 0.26-a0-1164-g1a551d6a14 (webtiles) character file.

Game seed: 2061901564135137167

43 vvl the Skirmisher (level 3, -2/29 HPs)
             Began as a Demonspawn Fighter on Dec 24, 2020.
             Slain by a worm (9 damage)
             ... on level 2 of the Dungeon.
             The game lasted 00:03:06 (834 turns).

vvl the Skirmisher (Demonspawn Fighter)              Turns: 834, Time: 00:03:06

Health: -2/29      AC:  8    Str: 17    XL:     3   Next: 37%
Magic:  3/3        EV:  7    Int:  9    God:
Gold:   26         SH:  9    Dex: 12    Spells: 2/2 levels left

rFire    . . .     SeeInvis .   a - +0 long sword
rCold    . . .     Faith    .   c - +0 kite shield
rNeg     . . .     Spirit   .   b - +0 scale mail
rPois    .         Reflect  .   (no helmet)
rElec    .         Harm     .   (no cloak)
rCorr    .         Rampage  .   (no gloves)
Will     .....                  (no boots)
Stlth    ..........             (no amulet)
HPRegen  0.09/turn              (no ring)
MPRegen  0.08/turn              (no ring)

@: no status effects
A: hooves 1, yellow scales 1
a: no special abilities


You were on level 2 of the Dungeon.
You visited 1 branch of the dungeon, and saw 2 of its levels.

You collected 26 gold pieces.

Inventory:

Hand Weapons
 a - a +0 long sword (weapon)
Armour
 b - a +0 scale mail (worn)
 c - a +0 kite shield (worn)
Jewellery
 j - a cursed ring of teleportation {unknown}
Scrolls
 h - 2 scrolls of remove curse {unknown}
Potions
 d - a potion of might
 e - 2 potions of degeneration {unknown}
 f - a potion of berserk rage {unknown}
 g - a potion of curing {unknown}
 i - a potion of heal wounds {unknown}


   Skills:
 + Level 3.3 Fighting
 + Level 2.2 Long Blades
 + Level 3.0 Armour
 + Level 3.0 Shields
 + Level 1.2 Necromancy


You had 2 spell levels left.
You didn't know any spells.
Your spell library was empty.

Dungeon Overview and Level Annotations

Branches:
Dungeon (2/15)

Altars:


Innate Abilities, Weirdness & Mutations

You have large cloven feet.
You are partially covered in yellow scales. (AC +2)


Message History

You hit the leopard gecko.
You kill the leopard gecko!
The worm bites you.
You are too injured to fight recklessly!
You are too injured to fight recklessly!
You are too injured to fight recklessly!
You are too injured to fight recklessly!
You hit the worm.
The worm is moderately wounded.
The worm bites you but does no damage.
You hit the worm. Your kick misses the worm.
The worm is moderately wounded.
The worm bites you.
* * * LOW HITPOINT WARNING * * *
You hit the worm but do no damage. You kick the worm, but do no damage.
The worm is moderately wounded.
You hit the worm but do no damage. You kick the worm, but do no damage.
The worm is moderately wounded.
The worm bites you!
You die...

..................#
............<....#
.#........†#######
######...## #...###
. #.### ... #.#
.....####.#
......)@..#
......w##..#
....... ##....
....... ##....
....... ###.
....... ......#
......


You could see a worm.

Vanquished Creatures
  2 leopard geckos (D:2)
  2 giant cockroaches
  7 goblins
  6 hobgoblins
  3 jackals (D:2)
  6 kobolds
  2 bats (D:1)
  4 frilled lizards (D:1)
  5 rats
37 creatures vanquished.

Notes
Turn   | Place    | Note
-------+----------+-------------------------------------------
     0 | D:1      | vvl the Demonspawn Fighter began the quest for the Orb.
     0 | D:1      | Reached XP level 1. HP: 18/18 MP: 1/1
   137 | D:1      | Gained mutation: You have large cloven feet. [demonic
                  | ancestry]
   137 | D:1      | Reached XP level 2. HP: 24/24 MP: 2/2
   268 | D:1      | Reached skill level 1 in Necromancy
   585 | D:1      | Gained mutation: You are partially covered in yellow
                  | scales. (AC +2) [demonic ancestry]
   585 | D:1      | Reached XP level 3. HP: 29/29 MP: 3/3
   834 | D:2      | Slain by a worm

Illustrated notes

Levels and vault maps discovered:
D:1:      minmay_arrival_open_corners, layout_loops_ring, minmay_misc_feat_x
D:2:      layout_rooms, uniq_natasha

Skill      XL: |  1  2  3 |
---------------+----------+-----
Long Blades    | 2 |  2.2
Necromancy     | 1 |  1.2
Shields        | 3 |  3.0
Armour         | 3 |  3.0
Fighting       | |  3.3

Action                   || total
-------------------------++-------
Melee: Long sword        ||    82
       Kick              ||    14
Armor: Scale mail        ||    57
Dodge: Dodged            ||    42
Block: Kite shield       ||    53
       Rpst.: Long sword ||    16

Table legend: (Time is in decaauts)
 A = Elapsed time spent in this place.
 B = Non-inter-level travel time spent in this place.
 C = Inter-level travel time spent in this place.
 D = Time resting spent in this place.
 E = Time spent auto-exploring this place.
 F = Levels seen in this place.
 G = Mean time per level.
                   A        B        C        D        E       F      G
               +--------+--------+--------+--------+--------+-----+--------+
         Total |    864 |    857 |      7 |      0 |    669 |   2 |  432.0 |
       Dungeon |    864 |    857 |      7 |      0 |    669 |   2 |  432.0 |
               +--------+--------+--------+--------+--------+-----+--------+

Top non-repeatable levels by time:
     D:1: 686 daAuts
     D:2: 178 daAuts
